cohdb
Replays
Latest Replays
All Replays
Popular Replays
Top Player Replays
Match Explorer
How It Works
Community
CoH3 Stats
Reddit
Sign in to upload your games and track your stats! →
Sign in with Steam
Match 41566118
Unlisted
Match 41566118
Overview
Messages
Build Orders
End
Kradschützen Motorcycle Team
Selects Panzerjäger Kommand Battlegroup
Panzergrenadier Squad
250 Light Carrier
Construct Light Support Kompanie
Assault Grenadier Squad
MG34 Team
Selects Mine Fields
Fire Support Elements
Assault Mechanized Group
Combat Half-tracks
2.5-tonne Medical Truck
Flakvierling Half-track
Pak 38 Anti-tank Gun Team
Selects Tank Busters
Construct Panzerarmee Kommand
سَۨفُـيٰانۨوٰس
Zorro S.A.S
0
0
Comments
sign in to comment!
No comments posted yet!